[Event "Vienna Chess Open 2019"]
[Site "Vienna"]
[Date "2019.08.24"]
[Round "9.1"]
[White "Kojima, Shinya"]
[Black "Suta, Andraz"]
[Result "1-0"]
[ECO "D37"]
[WhiteElo "2390"]
[BlackElo "2268"]
[Annotator "ChessBase"]
[PlyCount "73"]
[EventDate "2019.08.17"]
[EventType "swiss"]
[EventCountry "AUT"]
[SourceTitle "playchess.com"]
[Source "ChessBase"]
[SourceQuality "1"]
[TimeControl "40/5400+30:1800+30"]

1. Nf3 d5 2. d4 Nf6 3. c4 e6 4. Nc3 Be7 5. Bf4 O-O 6. e3 Nbd7 7. a3 c5 8. cxd5 exd5 9. dxc5 Nxc5 10. Be2 Be6 11. O-O Rc8 12. Rc1 Nfe4 13. Be5 Bf6 14. Bxf6 Qxf6 15. Nd4 Nxc3 16. Rxc3 Ne4 17. Rxc8 Rxc8 18. Bd3 Nd6 19. Qb1 g6 20. Rd1 Bg4 21. Rd2 Qd8 22. h3 Bd7 23. Ne2 Rc5 24. Nf4 Qc8 25. Rc2 Rxc2 26. Bxc2 Be6 27. Qd1 Qc5 28. Bb3 Nc4 29. Qc2 Qb6 30. Qc3 Qd6 31. Qf6 b5 32. h4 Qc6 33. Bxc4 dxc4 34. h5 Bd7 35. Qd4 gxh5 36. Nd5 Kf8 37. Qh8# 1-0

[Event "Vienna Chess Open 2019"]
[Site "Vienna"]
[Date "2019.08.24"]
[Round "9.1"]
[White "Tuncer, Tuna"]
[Black "Dastan, Muhammed Batuhan"]
[Result "0-1"]
[ECO "C52"]
[WhiteElo "2362"]
[BlackElo "2582"]
[Annotator "ChessBase"]
[PlyCount "72"]
[EventDate "2019.08.17"]
[EventType "swiss"]
[EventCountry "AUT"]
[SourceTitle "playchess.com"]
[Source "ChessBase"]
[SourceQuality "1"]
[TimeControl "40/5400+30:1800+30"]

1. e4 e5 2. Nf3 Nc6 3. Bc4 Bc5 4. b4 Bxb4 5. c3 Ba5 6. d4 d6 7. Qb3 Qd7 8. O-O Bb6 9. Nbd2 Qe7 10. Ba3 Qf6 11. Bb5 Bd7 12. Nc4 Nh6 13. Ne3 exd4 14. cxd4 O-O 15. Bb2 Na5 16. Qd3 Bxb5 17. Qxb5 Qg6 18. Bc3 Nc6 19. Qb2 Qxe4 20. d5 Ne5 21. Nxe5 dxe5 22. Rfe1 Rfe8 23. Rad1 Rad8 24. Nf1 Qf4 25. h3 f6 26. Rd3 Qc4 27. Red1 Nf5 28. Kh1 e4 29. R3d2 e3 30. fxe3 Bxe3 31. Rd3 Bb6 32. Bxf6 gxf6 33. Qxf6 Ng7 34. Rg3 Rd7 35. Rg4 Qe2 36. Rd2 Qe5 0-1

[Event "Vienna Chess Open 2019"]
[Site "Vienna"]
[Date "2019.08.24"]
[Round "9.2"]
[White "Stanec, Nikolaus"]
[Black "Buhmann, Rainer"]
[Result "1/2-1/2"]
[ECO "C68"]
[WhiteElo "2483"]
[BlackElo "2574"]
[Annotator "ChessBase"]
[PlyCount "52"]
[EventDate "2019.08.17"]
[EventType "swiss"]
[EventCountry "AUT"]
[SourceTitle "playchess.com"]
[Source "ChessBase"]
[SourceQuality "1"]
[TimeControl "40/5400+30:1800+30"]

1. e4 e5 2. Nf3 Nc6 3. Bb5 a6 4. Bxc6 dxc6 5. O-O Bd6 6. d4 exd4 7. Qxd4 f6 8. Re1 Be6 9. Nc3 c5 10. Qe3 Nh6 11. e5 fxe5 12. Nxe5 Nf5 13. Qe4 O-O 14. Nf3 Bd7 15. Qc4+ Kh8 16. Bg5 Qc8 17. Nd5 b5 18. Qd3 Bc6 19. Ne5 Bb7 20. c4 Qe8 21. Bf4 Nd4 22. Bg3 Qh5 23. b3 Qf5 24. Rad1 Rad8 25. Qxf5 Nxf5 26. Nf3 Bxg3 1/2-1/2

[Event "Vienna Chess Open 2019"]
[Site "Vienna"]
[Date "2019.08.24"]
[Round "9.3"]
[White "Peralta, Fernando"]
[Black "Abdumalik, Zhansaya"]
[Result "1/2-1/2"]
[ECO "D86"]
[WhiteElo "2572"]
[BlackElo "2457"]
[Annotator "ChessBase"]
[PlyCount "61"]
[EventDate "2019.08.17"]
[EventType "swiss"]
[EventCountry "AUT"]
[SourceTitle "playchess.com"]
[Source "ChessBase"]
[SourceQuality "1"]
[TimeControl "40/5400+30:1800+30"]

1. d4 Nf6 2. c4 g6 3. Nc3 d5 4. cxd5 Nxd5 5. e4 Nxc3 6. bxc3 Bg7 7. Bc4 c5 8. Ne2 Nc6 9. Be3 O-O 10. O-O Bg4 11. f3 Bd7 12. Rb1 Qc7 13. Bd3 Rfd8 14. Qd2 Be8 15. Rfc1 e6 16. Bg5 Rd7 17. f4 a6 18. e5 Qa5 19. Qe3 Qa4 20. dxc5 h6 21. Bf6 Bf8 22. Ng3 Ne7 23. Ne4 Nd5 24. Qf2 Rc7 25. Kh1 Qa5 26. Bh4 Bxc5 27. Nxc5 Qxc5 28. Qd2 Qe3 29. Qxe3 Nxe3 30. Be4 Nd5 31. Bxd5 1/2-1/2

[Event "Vienna Chess Open 2019"]
[Site "Vienna"]
[Date "2019.08.24"]
[Round "9.3"]
[White "Miedema, David"]
[Black "Bauer, Thomas"]
[Result "1-0"]
[ECO "A70"]
[WhiteElo "2371"]
[BlackElo "2184"]
[Annotator "ChessBase"]
[PlyCount "115"]
[EventDate "2019.08.17"]
[EventType "swiss"]
[EventCountry "AUT"]
[SourceTitle "playchess.com"]
[Source "ChessBase"]
[SourceQuality "1"]
[TimeControl "40/5400+30:1800+30"]

1. d4 Nf6 2. c4 c5 3. d5 e6 4. Nc3 exd5 5. cxd5 d6 6. e4 g6 7. Nf3 Bg7 8. h3 O-O 9. Be3 Re8 10. Nd2 b6 11. Bb5 Re7 12. a4 Na6 13. O-O Nb4 14. Re1 h6 15. Ra3 Kh7 16. Qb1 Rb8 17. Bf1 a6 18. Na2 Nfxd5 19. exd5 Bf5 20. Nxb4 Bxb1 21. Nc6 Qe8 22. Rxb1 b5 23. Nxe7 Qxe7 24. axb5 axb5 25. Bf4 Bd4 26. Ra6 Qf6 27. Bg3 Qg5 28. Ne4 Qxd5 29. Nxd6 c4 30. Be2 Qe6 31. Bf3 Bb6 32. Rba1 Qf6 33. Ne4 Qd8 34. Bxb8 Qxb8 35. Nf6+ Kg7 36. Nd7 Bxf2+ 37. Kxf2 Qf4 38. Rd1 b4 39. Rad6 Qf5 40. R6d4 c3 41. bxc3 Qc2+ 42. Kf1 bxc3 43. Ne5 Qb2 44. Nd3 Qb5 45. Rd5 Qb3 46. Rc1 g5 47. Rc5 c2 48. Nf2 f5 49. R1xc2 g4 50. hxg4 fxg4 51. Nxg4 h5 52. Rc7+ Kg6 53. Nf2 Kg5 54. R2c5+ Kf4 55. Rb7 Qa2 56. Rb4+ Kg3 57. Nh1+ Kh2 58. Rxh5# 1-0

[Event "Vienna Chess Open 2019"]
[Site "Vienna"]
[Date "2019.08.24"]
[Round "9.4"]
[White "Janik, Igor"]
[Black "Morgunov, Marc"]
[Result "1-0"]
[ECO "B51"]
[WhiteElo "2483"]
[BlackElo "2345"]
[Annotator "ChessBase"]
[PlyCount "77"]
[EventDate "2019.08.17"]
[EventType "swiss"]
[EventCountry "AUT"]
[SourceTitle "playchess.com"]
[Source "ChessBase"]
[SourceQuality "1"]
[TimeControl "40/5400+30:1800+30"]

1. e4 c5 2. Nf3 d6 3. Bb5+ Nc6 4. O-O Nf6 5. e5 dxe5 6. Nxe5 Bd7 7. Bxc6 Bxc6 8. Nxc6 bxc6 9. d3 e6 10. Nd2 Be7 11. b3 O-O 12. Bb2 Nd5 13. Re1 Bf6 14. Qc1 Re8 15. Nc4 Bd4 16. Ne5 f6 17. Nf3 Bxb2 18. Qxb2 e5 19. Re4 Qd6 20. Rae1 Nb6 21. Nd2 Nd7 22. Nc4 Qd5 23. Qc3 Re7 24. Qa5 f5 25. R4e2 e4 26. dxe4 Rxe4 27. Rxe4 fxe4 28. Qc7 Nf6 29. h3 Qe6 30. Qb7 Rf8 31. Qxa7 Nd7 32. Qc7 Qf5 33. Qg3 Nf6 34. Qe5 Qxe5 35. Nxe5 Rc8 36. a4 Kf8 37. Kf1 Ke7 38. Ng4 Re8 39. f3 1-0

[Event "Vienna Chess Open 2019"]
[Site "Vienna"]
[Date "2019.08.24"]
[Round "9.5"]
[White "Nasuta, Grzegorz"]
[Black "Handler, Lukas"]
[Result "1-0"]
[ECO "B90"]
[WhiteElo "2533"]
[BlackElo "2411"]
[Annotator "ChessBase"]
[PlyCount "71"]
[EventDate "2019.08.17"]
[EventType "swiss"]
[EventCountry "AUT"]
[SourceTitle "playchess.com"]
[Source "ChessBase"]
[SourceQuality "1"]
[TimeControl "40/5400+30:1800+30"]

1. e4 c5 2. Nf3 d6 3. d4 cxd4 4. Nxd4 Nf6 5. Nc3 a6 6. h3 e6 7. g4 b5 8. Bg2 Bb7 9. O-O b4 10. Nd5 exd5 11. exd5 Be7 12. g5 O-O 13. gxf6 Bxf6 14. Bf4 Be5 15. Qd2 a5 16. a3 Qf6 17. Bxe5 dxe5 18. Nb3 Qb6 19. axb4 axb4 20. Qe3 Nd7 21. Na5 Qxe3 22. fxe3 Ba6 23. Rfd1 f5 24. b3 Be2 25. Re1 Bh5 26. Nc6 Rae8 27. Ra7 Rf7 28. Nxb4 g5 29. d6 e4 30. Nc6 Nb6 31. Ra5 Nc8 32. Rd5 Rd7 33. Rxf5 Nxd6 34. Rxg5+ Bg6 35. Rd1 Re6 36. Rgd5 1-0

[Event "Vienna Chess Open 2019"]
[Site "Vienna"]
[Date "2019.08.24"]
[Round "9.5"]
[White "Muckle, Julius"]
[Black "Lakuntza Plazaola, Asier"]
[Result "1-0"]
[ECO "D45"]
[WhiteElo "2368"]
[BlackElo "2149"]
[Annotator "ChessBase"]
[PlyCount "67"]
[EventDate "2019.08.17"]
[EventType "swiss"]
[EventCountry "AUT"]
[SourceTitle "playchess.com"]
[Source "ChessBase"]
[SourceQuality "1"]
[TimeControl "40/5400+30:1800+30"]

1. d4 d5 2. c4 c6 3. Nc3 Nf6 4. Nf3 e6 5. e3 Nbd7 6. Qc2 Bd6 7. b3 O-O 8. Bb2 b6 9. Bd3 Bb7 10. O-O Qe7 11. e4 dxe4 12. Nxe4 Nxe4 13. Bxe4 f5 14. Bd3 c5 15. d5 Rae8 16. Rae1 Qf7 17. Ng5 Qh5 18. f4 Bxf4 19. Rxf4 Qxg5 20. Rf3 Nf6 21. Rg3 Qh4 22. Rf1 Ng4 23. Rh3 Qg5 24. Bc1 Qf6 25. dxe6 Qd4+ 26. Kh1 Rxe6 27. Bxf5 Nf2+ 28. Qxf2 Qxf2 29. Bxh7+ Kf7 30. Rxf2+ Ke7 31. Be3 g6 32. Bxg6 Rxf2 33. Bxf2 Kf6 34. Bd3 1-0

[Event "Vienna Chess Open 2019"]
[Site "Vienna"]
[Date "2019.08.24"]
[Round "9.6"]
[White "Froewis, Georg"]
[Black "Kowalski, Igor"]
[Result "1/2-1/2"]
[ECO "A05"]
[WhiteElo "2429"]
[BlackElo "2344"]
[Annotator "ChessBase"]
[PlyCount "101"]
[EventDate "2019.08.17"]
[EventType "swiss"]
[EventCountry "AUT"]
[SourceTitle "playchess.com"]
[Source "ChessBase"]
[SourceQuality "1"]
[TimeControl "40/5400+30:1800+30"]

1. Nf3 Nf6 2. c4 e6 3. b3 d5 4. Bb2 Be7 5. g3 c5 6. cxd5 exd5 7. Bg2 Nc6 8. O-O O-O 9. d4 Bf5 10. dxc5 Bxc5 11. Nc3 Rc8 12. Rc1 Be7 13. Nd4 Bg6 14. Bh3 Ra8 15. Nf5 Bxf5 16. Bxf5 Qa5 17. Bb1 Rfd8 18. Qd3 Ba3 19. Bxa3 Qxa3 20. Rfd1 Rac8 21. Qd2 g6 22. Nb5 Qe7 23. Nd4 Kg7 24. Nxc6 Rxc6 25. e3 Rdc8 26. Rxc6 bxc6 27. b4 Rb8 28. a3 a5 29. Qc3 axb4 30. axb4 Rb6 31. Rd4 c5 32. Rxd5 cxb4 33. Qb2 b3 34. Bd3 Qa7 35. Bc4 Qa2 36. Rd2 Qa4 37. Rd4 Qc6 38. g4 h6 39. h4 Rb4 40. Bxb3 Qb6 41. g5 Rxb3 42. gxf6+ Kh7 43. Qc2 Rb2 44. Rd6 Rb1+ 45. Kg2 Qxd6 46. Qxb1 Qxf6 47. Qe4 h5 48. Kg3 Qa1 49. Kh2 Qb2 50. Qf4 Kg8 51. Kg2 1/2-1/2

[Event "Vienna Chess Open 2019"]
[Site "Vienna"]
[Date "2019.08.24"]
[Round "9.6"]
[White "Seresin, Francesco"]
[Black "Helmer, Christoph"]
[Result "1/2-1/2"]
[ECO "E47"]
[WhiteElo "2362"]
[BlackElo "2146"]
[Annotator "ChessBase"]
[PlyCount "51"]
[EventDate "2019.08.17"]
[EventType "swiss"]
[EventCountry "AUT"]
[SourceTitle "playchess.com"]
[Source "ChessBase"]
[SourceQuality "1"]
[TimeControl "40/5400+30:1800+30"]

1. d4 Nf6 2. c4 e6 3. Nc3 Bb4 4. e3 O-O 5. Bd3 c5 6. Nf3 Bxc3+ 7. bxc3 Nc6 8. O-O d6 9. e4 e5 10. d5 Ne7 11. Nh4 h6 12. f4 Ng6 13. Nxg6 fxg6 14. fxe5 dxe5 15. a4 Qd6 16. a5 Bd7 17. Bd2 g5 18. Qe2 Bg4 19. Qe3 Bh5 20. h3 Bg6 21. g3 Rf7 22. Rab1 b6 23. Ra1 Raf8 24. axb6 axb6 25. Kg2 g4 26. h4 1/2-1/2

[Event "Vienna Chess Open 2019"]
[Site "Vienna"]
[Date "2019.08.24"]
[Round "9.7"]
[White "Hecht, Carsten"]
[Black "Mons, Leon"]
[Result "0-1"]
[ECO "B06"]
[WhiteElo "2300"]
[BlackElo "2559"]
[Annotator "ChessBase"]
[PlyCount "94"]
[EventDate "2019.08.17"]
[EventType "swiss"]
[EventCountry "AUT"]
[SourceTitle "playchess.com"]
[Source "ChessBase"]
[SourceQuality "1"]
[TimeControl "40/5400+30:1800+30"]

1. e4 g6 2. d4 Bg7 3. Nc3 a6 4. Be3 d6 5. Qd2 b5 6. h4 h5 7. f3 c6 8. Nh3 Bxh3 9. Rxh3 Nd7 10. O-O-O Ngf6 11. Kb1 Qc7 12. Ne2 Nb6 13. Ng3 c5 14. c3 e5 15. Be2 Rc8 16. Rhh1 exd4 17. cxd4 O-O 18. Bh6 Bh8 19. Bxf8 Rxf8 20. dxc5 dxc5 21. Qd6 Qb7 22. Qxc5 Na4 23. Qd4 Nxb2 24. Qxb2 Nxe4 25. Qxh8+ Kxh8 26. Nxe4 Qe7 27. Rd2 Rd8 28. Rxd8+ Qxd8 29. g3 Qe7 30. Bd3 Qb4+ 31. Kc2 Qa3 32. Ra1 b4 33. Rb1 f5 34. Nf2 b3+ 35. Rxb3 Qc5+ 36. Kb1 Qxf2 37. Bxa6 Qxg3 38. a4 Qxh4 39. Bb5 Qe1+ 40. Ka2 h4 41. f4 Kg7 42. Ra3 Qd2+ 43. Kb3 h3 44. a5 h2 45. Bc6 Qd6 46. Bg2 Qd3+ 47. Ka4 Qc4# 0-1

[Event "Vienna Chess Open 2019"]
[Site "Vienna"]
[Date "2019.08.24"]
[Round "9.8"]
[White "Diermair, Andreas"]
[Black "Akesson, Ralf"]
[Result "1-0"]
[ECO "E25"]
[WhiteElo "2473"]
[BlackElo "2348"]
[Annotator "ChessBase"]
[PlyCount "75"]
[EventDate "2019.08.17"]
[EventType "swiss"]
[EventCountry "AUT"]
[SourceTitle "playchess.com"]
[Source "ChessBase"]
[SourceQuality "1"]
[TimeControl "40/5400+30:1800+30"]

1. d4 e6 2. c4 Nf6 3. Nc3 Bb4 4. f3 d5 5. a3 Bxc3+ 6. bxc3 c5 7. cxd5 Nxd5 8. dxc5 Qa5 9. e4 Nf6 10. Be3 O-O 11. Qb3 Nfd7 12. a4 Na6 13. Bxa6 bxa6 14. Qb4 Qc7 15. Nh3 e5 16. O-O a5 17. Qc4 Nf6 18. Nf2 Be6 19. Qa6 Rfc8 20. Rfd1 Nd7 21. Nd3 Rab8 22. Rdb1 h6 23. h3 Rb3 24. Rxb3 Bxb3 25. Rb1 Bxa4 26. Rb7 Qc6 27. Qxa7 Kf8 28. Bf2 f6 29. Kh2 Ke8 30. Nb2 Bb5 31. c4 Ba4 32. Be1 Bc2 33. Bxa5 f5 34. exf5 e4 35. f4 e3 36. Rb6 Nxb6 37. cxb6 Be4 38. Qxg7 1-0

[Event "Vienna Chess Open 2019"]
[Site "Vienna"]
[Date "2019.08.24"]
[Round "9.8"]
[White "Gilevych, Artem"]
[Black "Groetz, Harald"]
[Result "1-0"]
[ECO "A06"]
[WhiteElo "2424"]
[BlackElo "2322"]
[Annotator "ChessBase"]
[PlyCount "69"]
[EventDate "2019.08.17"]
[EventType "swiss"]
[EventCountry "AUT"]
[SourceTitle "playchess.com"]
[Source "ChessBase"]
[SourceQuality "1"]
[TimeControl "40/5400+30:1800+30"]

1. Nf3 d5 2. c4 c6 3. d4 Nf6 4. Qb3 dxc4 5. Qxc4 g6 6. Nc3 b5 7. Qd3 Bg7 8. e4 b4 9. Na4 Ba6 10. Qc2 Bxf1 11. Kxf1 O-O 12. Bd2 Qa5 13. Re1 Qb5+ 14. Kg1 e6 15. e5 Nd5 16. h4 h5 17. Nc5 Ne7 18. Qe4 Na6 19. Nxa6 Qxa6 20. Bxb4 Rfe8 21. Ba3 Nd5 22. Rh3 Bf8 23. Ng5 Bxa3 24. Rxa3 Qc4 25. Rf3 Re7 26. b3 Qb4 27. Rc1 Qb7 28. g4 hxg4 29. Qxg4 Kg7 30. h5 Qd7 31. Kg2 Rg8 32. hxg6 fxg6 33. Rh1 Rh8 34. Rxh8 Kxh8 35. Qh4+ 1-0

[Event "Vienna Chess Open 2019"]
[Site "Vienna"]
[Date "2019.08.24"]
[Round "9.10"]
[White "Gavrilescu, David"]
[Black "Randazzo, Adrian"]
[Result "1-0"]
[ECO "C07"]
[WhiteElo "2464"]
[BlackElo "2254"]
[Annotator "ChessBase"]
[PlyCount "111"]
[EventDate "2019.08.17"]
[EventType "swiss"]
[EventCountry "AUT"]
[SourceTitle "playchess.com"]
[Source "ChessBase"]
[SourceQuality "1"]
[TimeControl "40/5400+30:1800+30"]

1. e4 e6 2. d4 d5 3. Nd2 c5 4. exd5 Qxd5 5. dxc5 Nf6 6. Ngf3 Qxc5 7. Bd3 Be7 8. O-O O-O 9. Qe2 Nbd7 10. a4 Qc7 11. Ne4 b6 12. a5 Bb7 13. Nxf6+ Bxf6 14. Ng5 g6 15. Qg4 Bg7 16. Qh4 Nf6 17. Ra4 Rfe8 18. Bd2 h6 19. Nh3 Qc6 20. f3 b5 21. Raa1 g5 22. Qe1 Nd5 23. Kh1 f5 24. c3 Rad8 25. Qe2 a6 26. Rad1 Qc7 27. c4 bxc4 28. Bxc4 Bxb2 29. Bxg5 hxg5 30. Qxb2 Qxc4 31. Qxb7 Re7 32. Qb2 Rg7 33. Rfe1 Re8 34. Rd4 Qc5 35. Qd2 Kf8 36. Rd3 Qb5 37. Rd4 Qc5 38. Rc1 Qe7 39. Qe2 Qa3 40. Qd2 Qe7 41. Rdc4 Rd8 42. Rc6 Nb4 43. Rc8 Rxc8 44. Rxc8+ Kf7 45. f4 gxf4 46. Nxf4 Rg8 47. Rc4 Rd8 48. Qe2 Qd6 49. Qh5+ Kf8 50. Qh6+ Kf7 51. Qh7+ Ke8 52. Qg8+ Ke7 53. Qg7+ Ke8 54. h4 Nd5 55. Ng6 Ne7 56. Qh8+ 1-0

[Event "Vienna Chess Open 2019"]
[Site "Vienna"]
[Date "2019.08.24"]
[Round "9.11"]
[White "Janzelj, Tim"]
[Black "Swicarz, Maciej"]
[Result "1-0"]
[ECO "C10"]
[WhiteElo "2435"]
[BlackElo "2341"]
[Annotator "ChessBase"]
[PlyCount "147"]
[EventDate "2019.08.17"]
[EventType "swiss"]
[EventCountry "AUT"]
[SourceTitle "playchess.com"]
[Source "ChessBase"]
[SourceQuality "1"]
[TimeControl "40/5400+30:1800+30"]

1. d4 e6 2. e4 d5 3. Nd2 dxe4 4. Nxe4 Bd7 5. Nf3 Bc6 6. Ng3 Bxf3 7. Qxf3 c6 8. c3 Nf6 9. Bc4 Bd6 10. O-O Nbd7 11. a4 Qc7 12. a5 O-O 13. a6 b5 14. Bd3 Rab8 15. Ne4 Nxe4 16. Bxe4 Rb6 17. g3 Nf6 18. Bd3 Qc8 19. b3 Rxa6 20. Bg5 Be7 21. c4 b4 22. Rxa6 Qxa6 23. Qf4 Rd8 24. Re1 Qb6 25. c5 Qb8 26. Qxb8 Rxb8 27. Ra1 Rb7 28. Ra6 Rc7 29. Bf4 Rd7 30. Rxc6 Rxd4 31. Bc4 Ne8 32. Bb5 Rd8 33. Be3 Rb8 34. Bc4 Ra8 35. Ba6 Kf8 36. Bf4 g5 37. Be5 Rd8 38. Bb5 f6 39. Bb2 e5 40. Kg2 Ng7 41. g4 h5 42. h3 hxg4 43. hxg4 Rb8 44. Bc4 Ne8 45. Kf3 Rb7 46. Bc1 Nc7 47. Be3 Bd8 48. Rd6 Rb8 49. Rd7 Rc8 50. Rh7 a5 51. c6 Ne6 52. Bxe6 Rxc6 53. Rf7+ Ke8 54. Bd7+ Kxf7 55. Bxc6 Ke6 56. Ke4 Kd6 57. Ba4 Bc7 58. f3 Bd8 59. Kf5 Kd5 60. Be8 Kd6 61. Ba7 Ke7 62. Bb5 Kd6 63. Bc4 Kd7 64. Bc5 Kc6 65. Bf8 Kb6 66. Ke6 Kc6 67. Bd6 Bb6 68. Be7 Be3 69. Bxf6 Kc5 70. Bxe5 a4 71. Bd6+ Kd4 72. Bxb4 Bd2 73. Bxd2 a3 74. Bxg5 1-0

[Event "Vienna Chess Open 2019"]
[Site "Vienna"]
[Date "2019.08.24"]
[Round "9.11"]
[White "Pacan-Milej, Kosma"]
[Black "Buckels, Valentin"]
[Result "1/2-1/2"]
[ECO "E32"]
[WhiteElo "2288"]
[BlackElo "2453"]
[Annotator "ChessBase"]
[PlyCount "91"]
[EventDate "2019.08.17"]
[EventType "swiss"]
[EventCountry "AUT"]
[SourceTitle "playchess.com"]
[Source "ChessBase"]
[SourceQuality "1"]
[TimeControl "40/5400+30:1800+30"]

1. d4 Nf6 2. c4 e6 3. Nc3 Bb4 4. Qc2 O-O 5. a3 Bxc3+ 6. Qxc3 d6 7. Bg5 Nbd7 8. e3 b6 9. Ne2 c5 10. Qc2 Qc7 11. Rd1 Ba6 12. Nc3 d5 13. cxd5 Bxf1 14. Kxf1 Nxd5 15. Nxd5 exd5 16. dxc5 Qc6 17. f3 bxc5 18. Kf2 Rac8 19. Rd2 Rfe8 20. Rhd1 Nb6 21. b3 h6 22. Bf4 a5 23. Bg3 a4 24. bxa4 Qxa4 25. Qxa4 Nxa4 26. Rc2 Nb6 27. a4 Ra8 28. a5 Rxa5 29. Bc7 Re6 30. Rb1 Ra6 31. Bxb6 Raxb6 32. Rxb6 Rxb6 33. Rxc5 Rb2+ 34. Kg3 Rd2 35. Rc8+ Kh7 36. Rd8 Kg6 37. Rd6+ f6 38. h4 h5 39. Rd7 Kh6 40. Rd6 Kh7 41. Kh3 Kg6 42. Rd7 Rd3 43. Kg3 Kh6 44. Rd6 Rxe3 45. Rxd5 Re6 46. Rd8 1/2-1/2

[Event "Vienna Chess Open 2019"]
[Site "Vienna"]
[Date "2019.08.24"]
[Round "9.12"]
[White "Fedorovsky, Michael"]
[Black "Kummer, Helmut"]
[Result "1/2-1/2"]
[ECO "A49"]
[WhiteElo "2441"]
[BlackElo "2285"]
[Annotator "ChessBase"]
[PlyCount "86"]
[EventDate "2019.08.17"]
[EventType "swiss"]
[EventCountry "AUT"]
[SourceTitle "playchess.com"]
[Source "ChessBase"]
[SourceQuality "1"]
[TimeControl "40/5400+30:1800+30"]

1. d4 Nf6 2. Nf3 g6 3. g3 c5 4. c3 b6 5. Bg2 Bb7 6. Qb3 e6 7. O-O Na6 8. Bf4 Bg7 9. Na3 O-O 10. Nb5 d5 11. Rfd1 Bc6 12. Ne5 Bb7 13. Qa3 Nh5 14. Be3 Nc7 15. Nxc7 Qxc7 16. f4 c4 17. Rf1 f6 18. Nf3 f5 19. Qa4 Bc6 20. Qc2 b5 21. Ne5 a5 22. b3 Rfb8 23. bxc4 bxc4 24. Rab1 Be8 25. Rxb8 Rxb8 26. Rb1 Nf6 27. Rb2 Bf8 28. Qb1 Rxb2 29. Qxb2 a4 30. Bd2 Bd6 31. Bf3 a3 32. Qb1 Qb8 33. Qxb8 Bxb8 34. Bc1 Bd6 35. Kf1 Ba4 36. Ke1 Kf8 37. h3 Ke8 38. Kd2 Bf8 39. g4 Nd7 40. Nxd7 Kxd7 41. g5 Kc6 42. e3 Kb5 43. Bd1 Bxd1 1/2-1/2